 Dungeon Crawl Stone Soup version 0.28.0-53-g5a82cb258f (webtiles) character file.

Game seed: 13817349055817341614

81 Gabide the Insei (level 4, -1/24 HPs)
             Began as a Vine Stalker Monk on May 31, 2022.
             Slain by a gnoll
             ... wielding a +0 halberd
              (11 damage)
             ... on level 2 of the Dungeon.
             The game lasted 00:03:46 (2260 turns).

Gabide the Insei (Vine Stalker Monk)                Turns: 2260, Time: 00:03:47

Health: -1/24      AC:  3    Str: 13    XL:     4   Next: 40%
Magic:  0/5        EV: 13    Int: 10    God:
Gold:   42         SH:  0    Dex: 19    Spells: 3/3 levels left

rFire   . . .      SeeInvis .     - Unarmed
rCold   . . .      Faith    .   (no shield)
rNeg    . . .      Spirit   +   a - +0 robe
rPois   .          Reflect  .   c - +0 helmet
rElec   .          Harm     .   (no cloak)
rCorr   .          Rampage  .   (no gloves)
Will    .....                   (no boots)
Stlth   ++........              (no amulet)
HPRegen 0.88/turn               (no ring)
MPRegen 0.09/turn               (no ring)

@: no status effects
A: fangs 2, regeneration 1, magic shield, antimagic bite, no potion heal 2
a: no special abilities


You were on level 2 of the Dungeon.
You visited 1 branch of the dungeon, and saw 2 of its levels.

You collected 42 gold pieces.

Inventory:

Armour
 a - a +0 robe (worn)
 b - +0 ice dragon scales
 c - a +0 helmet (worn)
Scrolls
 d - a scroll of vulnerability {unknown}


   Skills:
 + Level 3.4 Fighting
 + Level 3.1 Dodging
 - Level 2.4 Stealth
 + Level 3.8 Unarmed Combat


You had 3 spell levels left.
You didn't know any spells.
Your spell library contained the following spells:

 Spells                   Type           Power      Damage    Failure   Level
 Magic Dart               Conj           0%         1d3       36%         1
 Searing Ray              Conj           0%         2d4       50%         2
 Fulminant Prism          Conj/Hex       0%         3d6       98%         4


Dungeon Overview and Level Annotations

Branches:
Dungeon (2/15)

Altars:


Innate Abilities, Weirdness & Mutations

You have extremely sharp teeth.
Your natural rate of healing is unusually fast.
When hurt, damage is shared between your health and your magic reserves.
Your bite disrupts and absorbs the magic of your enemies.
Potions cannot restore your health.


Message History

The ball python closely misses you. The ball python constricts you.
You hit the ball python.
You kill the ball python!
The gnoll barely misses you.
You closely miss the ball python. You bite the ball python.
You kill the ball python!
The gnoll closely misses you. The gnoll hits you with a +0 halberd.
You see here a ball python corpse.
You barely miss the gnoll. You bite the gnoll, but do no damage.
The gnoll misses you.
You hit the gnoll. Your bite misses the gnoll.
The gnoll is moderately wounded.
The gnoll hits you with a +0 halberd!
* * * LOW HITPOINT WARNING * * *
The bat hits you but does no damage.
You are too injured to fight recklessly!
You are too injured to fight recklessly!
You are too injured to fight recklessly!
You are too injured to fight recklessly!
You are too injured to fight recklessly!
You are too injured to fight recklessly!
You are too injured to fight recklessly!
You are too injured to fight recklessly!
You are too injured to fight recklessly!
You are too injured to fight recklessly!
You are too injured to fight recklessly!
You are too injured to fight recklessly!
You are too injured to fight recklessly!
You are too injured to fight recklessly!
The bat hits you.
* * * LOW HITPOINT WARNING * * *
The gnoll hits you but does no damage. The bat hits you.
* * * LOW HITPOINT WARNING * * *
The bat hits you but does no damage. The bat hits you but does no damage.
There is a stone staircase leading up here.
The gnoll hits you from afar with a +0 halberd!
You die...

..........###.######...##...
..............# #>..#...#
.........##..# #...#..##
###.....##..# #........
###..†..##..## #.....###
#.....b......# #...###
....#.......##.# #...# # ...
#....g.###.. #....# #
........##.@.##.# #....# #
..##.#...............P# # .
...#....#..#........ #
.###..##..#.........P# #
#..# #...#.........# # #.#
..#...........##### ..
.###...............
.###..............##
.................#


You could see a gnoll and a bat.

Vanquished Creatures
  2 gnolls (D:1)
  2 adders
  A dart slug (D:1)
  A bat (D:1)
  3 endoplasms
  2 giant cockroaches
  3 goblins
  2 hobgoblins (D:1)
  5 jackals (D:1)
  4 kobolds
  2 quokkas (D:2)
  5 ball pythons
  3 frilled lizards
  3 rats
38 creatures vanquished.

Notes
Turn   | Place    | Note
-------+----------+-------------------------------------------
     0 | D:1      | Gabide the Vine Stalker Monk began the quest for the Orb.
     0 | D:1      | Reached XP level 1. HP: 11/11 MP: 2/2
   123 | D:1      | Reached XP level 2. HP: 16/16 MP: 3/3
   706 | D:1      | Reached XP level 3. HP: 19/20 MP: 4/4
  1042 | D:1      | HP: 1/20 [gnoll/+0 club (4)]
  1062 | D:1      | HP: 1/20 [gnoll/+0 club (1)]
  1408 | D:1      | HP: 1/20 [gnoll/+0 whip (4)]
  1473 | D:1      | HP: 1/20 [gnoll/+0 whip (4)]
  2045 | D:1      | Gained mutation: Your natural rate of healing is unusually
                  | fast. [Vine Stalker growth]
  2045 | D:1      | Reached XP level 4. HP: 4/24 MP: 1/5
  2143 | D:2      | Noticed an eye of devastation
  2146 | D:2      | Found a faded altar of an unknown god.
  2147 | D:2      | Noticed an eye of devastation
  2147 | D:2      | Noticed a floating eye
  2147 | D:2      | Noticed a great orb of eyes
  2260 | D:2      | Slain by a gnoll

Illustrated notes

Levels and vault maps discovered:
D:1:      lightli_arrival_maybe_door_vault, layout_loops_ring
D:2:      layout_rooms, hellmonk_ecumenical_altar_watching_god,
          cheibrodos_gnoll_hut

Skill      XL: |  1  2  3 |
---------------+----------+-----
Fighting       | 3 |  3.4
Dodging        | 3 |  3.1
Stealth        | |  2.4
Unarmed Combat | |  3.8

Action                   |  1- 3 |  4- 6 || total
-------------------------+-------+-------++-------
Melee: Unarmed           |    87 |    36 ||   123
       Bite              |    21 |    14 ||    35
       Punch             |     1 |     1 ||     2
  Use: Potion            |     1 |       ||     1
 Stab: Sleeping          |     3 |     1 ||     4
Armor: Robe              |    11 |    10 ||    21
Dodge: Dodged            |    57 |    19 ||    76
